[Event "Zudov Memorial-A 8th"]
[Site "Nizhnij Tagil"]
[Date "2012.10.14"]
[Round "5"]
[White "Matveev, Vladimir1"]
[Black "Karpov, Alexander"]
[Result "1-0"]
[ECO "D30"]
[WhiteElo "2325"]
[BlackElo "2296"]
[PlyCount "105"]
[EventDate "2012.10.07"]
[EventType "tourn"]
[EventRounds "14"]
[EventCountry "RUS"]
[EventCategory "2"]
[SourceTitle "EXT 2013"]
[Source "ChessBase"]
[SourceDate "2012.11.22"]
[SourceVersion "1"]
[SourceVersionDate "2012.11.22"]
[SourceQuality "1"]
[TimeControl "6000+1295"]
[WhiteClock "0:04:42"]
[BlackClock "0:01:30"]

1. d4 d5 2. c4 e6 3. Nf3 c6 4. Qc2 Bb4+ 5. Nbd2 Nf6 6. a3 Be7 7. g3 Nbd7 8. Bg2 O-O 9. O-O b6 10. e4 Bb7 11. e5 $146 ({RR} 11. Re1 Rc8 12. b4 Qc7 13. e5 Ne8 14. Bb2 Qb8 15. c5 Nc7 16. a4 h6 17. Rab1 Qa8 18. Bc3 Rb8 19. Bh3 Ba6 20. Kg2 Qb7 21. Re3 Qc8 22. Bg4 Qd8 23. Ba1 Bb7 24. h4 bxc5 25. bxc5 Ba6 {Ismayilov,G (2379)-Karpov,A (2201) Donskoj 2018 1-0 (39)}) 11... Ne8 12. Rd1 c5 13. dxc5 bxc5 14. cxd5 exd5 15. Nf1 Qb6 16. Bg5 Qd8 17. Bxe7 Qxe7 18. Ne3 Nc7 19. Nf5 Qd8 20. b4 c4 21. h4 a5 22. Nd6 Rb8 23. Ng5 g6 24. Nxb7 Rxb7 25. Bxd5 Nxd5 26. Rxd5 axb4 27. axb4 Qe7 28. Qe2 Re8 29. e6 fxe6 30. Rd4 Nb6 31. Re4 Qxb4 32. Rxe6 Rbe7 33. Ra7 Rxe6 34. Nxe6 Re7 35. Qe5 Rxa7 36. Qb8+ Kf7 37. Ng5+ Ke7 38. Qxa7+ Nd7 39. Qe3+ Kd8 40. Nf7+ Kc7 41. Qf4+ Kc6 42. Nd8+ Kb5 43. Qe4 Ka4 44. Nc6 Nc5 45. Qc2+ Qb3 46. Qd2 c3 47. Qd4+ Kb5 48. Na7+ Kb6 49. Nc8+ Kb5 50. Nd6+ Kc6 51. Nc4 Qb1+ 52. Kh2 Qd3 53. Ne5+ 1-0